 Dungeon Crawl Stone Soup version 0.16.1 (webtiles) character file.

1065 Sixotanaka the Covert (level 8, -3/37 HPs)
             Began as a Spriggan Assassin on Mar 23, 2015.
             Shot with an arrow by a centaur (4 damage)
             ... on level 5 of the Dungeon.
             The game lasted 00:10:21 (5024 turns).

Sixotanaka the Covert (Spriggan Assassin)           Turns: 5024, Time: 00:10:21

Health: -3/37      AC:  6    Str:  7    XL:     8   Next: 6%
Magic:  16/16      EV: 17    Int: 13    God:
Gold:   194        SH:  0    Dex: 19    Spells: 0 memorised, 7 levels left

rFire  . . .     SeeInvis +     a - +2 dagger (elec)
rCold  . . .     Clarity  .     A - +0 robe {rN+}
rNeg   + . .     SustAb   .     (shield restricted)
rPois  .         Gourm    .     (helmet restricted)
rElec  .         Spirit   .     d - +0 cloak
rCorr  .         Warding  .     (gloves unavailable)
rMut   .         Stasis   .     (boots unavailable)
MR     +....                    (no amulet)
Stlth  ++++++....               B - +3 ring of protection
                                F - ring of invisibility

@: very quick, somewhat resistant to hostile enchantments, very stealthy
A: unfitting armour, see invisible, herbivore 3, speed 3, slow metabolism 2
a: Evoke Invisibility


You were on level 5 of the Dungeon.
You were full.

You visited 2 branches of the dungeon, and saw 7 of its levels.

You collected 210 gold pieces.
You spent 16 gold pieces at shops.


Innate Abilities, Weirdness & Mutations

You are tiny and cannot use many weapons and most armour.
You have supernaturally acute eyesight.
You are a herbivore.
You cover ground extremely quickly.
You need consume almost no food.


   Skills:
 - Level 1.5 Fighting
 + Level 7.7 Short Blades
 - Level 2.1 Throwing
 - Level 1.5 Dodging
 + Level 11.5 Stealth


You had 7 spell levels left.
You didn't know any spells.

Dungeon Overview and Level Annotations

Branches:
Dungeon (6/15)             Temple (1/1) D:4

Altars:
Ashenzari
Elyvilon
Fedhas
Gozag
Kikubaaqudgha
Makhleb
Nemelex Xobeh
Okawaru
Qazlal
Ru
Sif Muna
Trog
Vehumet
Xom
Zin
The Shining One

Shops:
D:4 [[=[

Inventory:

Hand weapons
 a - a +2 dagger of electrocution (weapon)
   (You took it off Jessica on level 2 of the Dungeon)
 b - a +0 blowgun
Missiles
 e - 29 poisoned needles
 f - 2 curare-tipped needles
 n - 19 stones (quivered)
Armour
 d - a +0 cloak (worn)
 A - a +0 robe of positive energy (worn)
   (You bought it in a shop on level 4 of the Dungeon)
Jewellery
 B - a +3 ring of protection (right hand)
 F - a ring of invisibility (left hand)
Scrolls
 c - a scroll of amnesia {unknown}
 l - 2 scrolls of remove curse {unknown}
 o - 2 scrolls of teleportation {unknown}
 p - 3 scrolls of identify {unknown}
 w - a scroll of recharging {unknown}
 x - a scroll of enchant armour {unknown}
 y - a scroll of fear {unknown}
 C - 2 scrolls of magic mapping {unknown}
 D - a scroll of random uselessness {unknown}
Potions
 h - 6 potions of curing {unknown}
 i - 5 potions of heal wounds {unknown}
 j - 2 potions of lignification {unknown}
 k - a potion of brilliance {unknown}
 m - a potion of cancellation {unknown}
 q - 3 potions of poison {unknown}
 r - a potion of cure mutation {unknown}
 t - 2 potions of haste {unknown}
 v - a potion of might {unknown}
 z - a potion of invisibility {unknown}
 E - a potion of berserk rage {unknown}
Comestibles
 g - 3 bread rations
 u - 3 fruits

..........# #.##.#...(..)(##
###.#####.########.##.#>..#.###.#
###.#####.##.......##.#...#.# #.
.......##.##.########.#...#.# #.
###.##.##.##.# #.#.....## #
#.##.##.##(# ##.#.###.. ##
#.##.##.##[# #....# #.#>..
##.##.#...#.#######<.#.###..###.
#..............@(>....c.........
#..(..................##(####...
#.###.#.###(###.................
#.###.#.# #.# #.####.###.....#..
#.......# #.###.## #.######....<
#......## #<.....###..... .....c
#.##.#.# #####......... ....#
#.##.#.# #.#####... ..##
####.#.## #.# #.# #.#


You could see a centaur.


Message History

There is a sudden explosion of sparks!
You kill the orc warrior!
You have reached level 8!
There is a stone staircase leading up here.
You hit the orc but do no damage. You hit the orc.
There is a sudden explosion of sparks!
You kill the orc!
You start resting.
The orc throws a tomahawk.
The tomahawk barely misses you. The orc barely misses you.
You see here a chain mail.
You barely miss the orc. You hit the orc.
There is a sudden explosion of sparks!
You kill the orc!
There is an open door here.
Items here: ( )) [ † a flail; 2 tomahawks; an enchanted battleaxe; a plate armour; an orc corpse You start resting.
You now have 194 gold pieces (gained 20).
You open the door.
An iguana, a giant frog, a goliath beetle, a shadow imp and a skeleton come into view.
The iguana hisses angrily.
Found three items.
There is an open door here.
Your +2 dagger of electrocution stops crackling.
b - a +0 blowgun (weapon)
You shoot a poisoned needle.
The poisoned needle closely misses the giant frog.
The shadow imp shouts!
The giant frog croaks.
You shoot a poisoned needle.
The poisoned needle hits the goliath beetle!
The goliath beetle is poisoned.
The giant frog completely misses you.
You hear the crackle of electricity.
a - a +2 dagger of electrocution (weapon)
You hit the giant frog. The giant frog hits you.
You hit the giant frog.
There is a sudden explosion of sparks!
The giant frog closely misses you.
You hit the giant frog. The giant frog hits you.
You barely miss the giant frog. The giant frog misses you.
You closely miss the giant frog. The giant frog closely misses you.
You hit the giant frog. The giant frog completely misses you.
You hit the giant frog.
You kill the giant frog!
You closely miss the hound skeleton. The hound skeleton barely misses you.
You hit the hound skeleton.
The hound skeleton bites you but does no damage.
You hit the hound skeleton. The hound skeleton closely misses you.
A shadow imp opens the door.
You completely miss the hound skeleton. The hound skeleton misses you.
You hit the iguana but do no damage. The iguana bites you!
* * * LOW HITPOINT WARNING * * *
The hound skeleton closely misses you.
The goliath beetle looks more healthy.
The shadow imp throws its arms wide.
The dead are hopping!
There is an open door here.
Items here: ( )) [ † a flail; 2 tomahawks; an enchanted battleaxe; a plate armour; an orc corpse
There is a stone staircase leading up here.
You climb upwards.
The centaur shoots an arrow.
The arrow hits you!
* * * LOW HITPOINT WARNING * * *
There is a stone staircase leading down, spattered with blood here.
You see here an arrow.
The centaur shoots an arrow.
The arrow hits you!
* * * LOW HITPOINT WARNING * * *
You see here an arrow.
Read which item? (? for menu, Esc to quit)
Okay, then.
The centaur shoots an arrow.
The arrow hits you.
You die...

Action                   |  1- 3 |  4- 6 |  7- 9 || total
-------------------------+-------+-------+-------++-------
Melee: Dagger            |   132 |    78 |    79 ||   289
 Fire: Blowgun           |     5 |    17 |     2 ||    24
Throw: Stone             |     7 |       |       ||     7
 Stab: Sleeping          |     9 |    15 |     9 ||    33
       Distracted        |     2 |       |       ||     2
  Eat: Bread ration      |       |       |     1 ||     1

Vault maps used:
D:1:      elethiomel_arrival_diamonds, st_stairs_9
D:2:      kennysheep_the_goblin_king, grunt_temple_overflow_open,
          fiery_altar_vehumet, roderic_serpentine_path, hangedman_ru_absence,
          uniq_jessica
D:3:      first_bread, uniq_iyjb
D:4:      temple_doors_e, serial_shops, kennysheep_little_box, shop_fountains,
          nicolae_shop_trees, shop_fountains
D:5:      kennysheep_kobold_camp
D:6:      basic_altar, minmay_divided_ellipse
Temple:   eino_narrow_crystal_temple_b_12

Notes
Turn   | Place    | Note
--------------------------------------------------------------
     0 | D:1      | Sixotanaka, the Spriggan Assassin, began the quest for the Orb.
     0 | D:1      | Reached XP level 1. HP: 10/10 MP: 2/2
    53 | D:1      | Reached skill level 6 in Stealth
   130 | D:1      | Reached XP level 2. HP: 12/14 MP: 4/4
   416 | D:1      | Reached skill level 3 in Short Blades
   910 | D:2      | Reached XP level 3. HP: 18/18 MP: 6/6
   932 | D:2      | Noticed Ijyb
  1138 | D:2      | Killed Ijyb
  1138 | D:2      | Reached skill level 7 in Stealth
  1245 | D:2      | Found a radiant altar of Vehumet.
  1279 | D:2      | Found a stormy altar of Qazlal.
  1282 | D:2      | Found a shimmering altar of Xom.
  1282 | D:2      | Found a glowing silver altar of Zin.
  1451 | D:2      | Noticed Jessica
  1457 | D:2      | Killed Jessica
  1457 | D:2      | Reached XP level 4. HP: 22/22 MP: 8/8
  1695 | D:2      | Found a sacrificial altar of Ru.
  1732 | D:2      | Noticed an ogre
  1752 | D:2      | Killed an ogre
  1752 | D:2      | Reached skill level 4 in Short Blades
  1752 | D:2      | Reached skill level 8 in Stealth
  1752 | D:2      | Reached XP level 5. HP: 25/25 MP: 10/10
  2646 | D:4      | Noticed a phantom
  2651 | D:4      | Killed a phantom
  2651 | D:4      | Reached skill level 5 in Short Blades
  2651 | D:4      | Reached skill level 9 in Stealth
  2651 | D:4      | Reached XP level 6. HP: 25/30 MP: 12/12
  2748 | D:4      | Noticed an ogre
  2772 | D:4      | Killed an ogre
  2818 | D:4      | Found a staircase to the Ecumenical Temple.
  2853 | Temple   | Entered the Ecumenical Temple
  3013 | D:4      | Found Ronikkytoh's Armour Emporium.
  3072 | D:4      | Found Iwyuhah's Armour Shop.
  3094 | D:4      | Found Wiud's Antique Armour Shoppe.
  3100 | D:4      | Bought an embroidered robe for 16 gold pieces
  3219 | D:4      | Found Graff's Jewellery Shop.
  3389 | D:4      | Reached skill level 6 in Short Blades
  3879 | D:5      | Entered Level 5 of the Dungeon
  3924 | D:4      | Reached skill level 10 in Stealth
  3924 | D:4      | Reached XP level 7. HP: 13/33 MP: 14/14
  4676 | D:5      | Reached skill level 7 in Short Blades
  4800 | D:5      | Reached skill level 11 in Stealth
  4869 | D:6      | Reached XP level 8. HP: 19/37 MP: 16/16
  5023 | D:5      | HP: 1/37 [centaur/arrow (10)]
  5024 | D:5      | Shot with an arrow by a centaur

Vanquished Creatures
  An orc warrior (D:6)
  A phantom (D:4)
  2 ogres
  A giant frog (D:6)
  A scorpion (D:4)
  2 centaur skeletons (D:5)
  A crimson imp (D:5)
  3 hounds (D:4)
  2 orc wizards (D:5)
  A jelly (D:5)
  An orc priest (D:5)
  A giant frog skeleton (D:5)
  3 worker ants (D:5)
  An iguana (D:5)
  Ijyb (D:2)
  Jessica (D:2)
  A hound skeleton (D:5)
  3 adders
  A shadow imp (D:5)
  2 worms
  A giant gecko (D:3)
  An ooze (D:4)
  4 orcs
  A ball python (D:1)
  11 bats
  6 hobgoblins
  8 jackals
  14 kobolds
  2 giant cockroaches (D:1)
  3 giant newts
  13 goblins
  A jackal zombie (D:5)
  11 rats
106 creatures vanquished.
